 Dungeon Crawl Stone Soup version 0.26.1-2-gb8aa6d0cf2 (webtiles) character file.

Game seed: 11795146620249306015

2496 promet the Covert (level 9, -19/53 HPs)
             Began as an Octopode Brigand on Feb 11, 2021.
             Was a Believer of Dithmenos.
             Demolished by a boulder beetle (25 damage)
             ... on level 7 of the Dungeon.
             The game lasted 00:41:16 (9654 turns).

promet the Covert (Octopode Brigand)                Turns: 9654, Time: 00:41:16

Health: -19/53     AC:  9    Str: 10    XL:     9   Next: 52%
Magic:  0/9        EV: 15    Int: 14    God:    Dithmenos [**....]
Gold:   264        SH:  0    Dex: 16    Spells: 7/8 levels left

rFire    + . .     SeeInvis .   u - +0 scythe
rCold    x . .     Faith    .   (shield currently unavailable)
rNeg     . . .     Spirit   +   (helmet restricted)
rPois    .         Reflect  .   l - amulet of guardian spirit
rElec    .         Harm     .   m - +4 ring of protection
rCorr    .         Rampage  .   r - ring of fire
Will     +....                  v - +4 ring of protection
Stlth    ++++++++..             (no ring)
HPRegen  0.17/turn              (no ring)
MPRegen  0.11/turn              (no ring)
                                (no ring)
                                (no ring)

@: wreathed by umbra
A: almost no armour, stealthy swim, amphibious, 8 rings, constrict 8, camouflage
1, frail 1, strong-willed 1, wild magic 1, gelatinous body 1
a: Renounce Religion, Shadow Step


You were on level 7 of the Dungeon.
You worshipped Dithmenos.
Dithmenos was pleased with you.
You visited 2 branches of the dungeon, and saw 8 of its levels.
You also visited: Sewer.

You collected 374 gold pieces.
You spent 110 gold pieces at shops.

Inventory:

Hand Weapons
 a - a +0 rapier
 b - a +0 longbow
 u - a +0 scythe (weapon)
 w - a +0 war axe
 A - a +2 dagger
 F - a +1 hunting sling
Missiles
 c - 2 curare-tipped darts
 e - 36 bolts
 g - 4 boomerangs
 h - 127 stones
 k - 129 arrows
 n - 5 atropa-tipped darts
 o - 50 sling bullets
 p - 37 poisoned darts (quivered)
 I - 8 javelins
Armour
 q - a scarf of repulsion
Jewellery
 l - an amulet of guardian spirit (around mantle)
 m - a +4 ring of protection (left tentacle)
 r - a ring of fire (right tentacle)
 v - a +4 ring of protection (on tentacle)
 G - an uncursed ring of resist corrosion
Wands
 t - a wand of iceblast (6)
 x - a wand of digging (4)
 y - a wand of disintegration (12)
 H - a wand of random effects (15)
Scrolls
 f - 5 scrolls of identify
 i - 6 scrolls of remove curse
 C - a scroll of teleportation
 E - a scroll of amnesia
 J - a scroll of fog {unknown}
Potions
 d - 2 potions of attraction
 j - a potion of magic
 s - 3 potions of flight
 z - a potion of curing
 B - a potion of heal wounds
 D - a potion of ambrosia


   Skills:
 + Level 4.5 Fighting
 + Level 5.1 Short Blades
 + Level 4.1 Polearms
 + Level 1.3(2.4) Slings
 + Level 0.7 Bows
 + Level 3.2(3.3) Throwing
 + Level 4.0 Dodging
 * Level 12.6 Stealth
 + Level 0.1 Spellcasting


You had 7 spell levels left.
You knew the following spells:

 Your Spells              Type           Power        Failure   Level
a - Corona                Hex            0%           36%         1

Your spell library contained the following spells:

 Spells                   Type           Power        Failure   Level
 Ensorcelled Hibernation  Hex/Ice        0%           50%         2
 Confusing Touch          Hex            0%           73%         3
 Dazzling Flash           Conj/Hex       0%           73%         3
 Tukima's Dance           Hex            0%           73%         3


Dungeon Overview and Level Annotations

Branches:
Dungeon (7/15)             Temple (1/1) D:4           Sewer (visited)

Altars:
Cheibriados
Dithmenos
Elyvilon
Fedhas
Gozag
Hepliaklqana
Kikubaaqudgha
Okawaru
Ru
Sif Muna
Trog
Uskayaw
Vehumet
Wu Jian
Xom
Yredelemnul
Zin

Shops:
D:5 *

Annotations:
D:4 Sigmund


Innate Abilities, Weirdness & Mutations

You cannot wear most types of armour.
You are very stealthy in the water. (Stealth+)
You are amphibious.
You can wear up to eight rings at the same time.
You can use your tentacles to constrict eight enemies at once.
Your skin changes colour to match your surroundings (Stealth+).
Your rubbery body absorbs attacks. (AC +1, EV +1)
You are frail. (-10% HP)
You are strong-willed. (Will+)
Your spells are a little harder to cast, but a little more powerful.


Message History

You slash the leopard gecko!
You kill the leopard gecko!
Dithmenos accepts your kill.
Found a robe.
J - a scroll labelled ALOVEAWECH
Items here: ) [ ††.
Okay, then.
A boulder beetle comes into view.
The boulder beetle curls into a ball and begins rolling!
You hit the boulder beetle but do no damage.
The boulder beetle closely misses you.
The boulder beetle stops rolling and uncurls.
The boulder beetle bites you!!
You hit the boulder beetle but do no damage.
The boulder beetle bites you! The boulder beetle bites you.
You hit the boulder beetle but do no damage.
The boulder beetle bites you!!
* * * LOW HITPOINT WARNING * * *
The boulder beetle bites you!!
You die...

#.........#.#.# #....
#...........#.# ##.##
...#......###.# #.##
#..........######..#
#...................
#.....#.....#########.#
#.###.#.....# #.#
#.....#.....# #..
#..@B.#...# ##.
#.###)#...# #.
#...○.#..... #.
..[..#... .... #. B###
#.### ... ## #. .. ##


You could see a boulder beetle.

Vanquished Creatures
  Eustachio (D:6)
  A sky beast (D:5)
  2 ice beasts (D:6)
  A phantom (D:6)
  A necrophage (D:6)
  3 ogres
  2 centaurs
  A big kobold (Sewer)
  Blork the orc (D:5)
  A gnoll sergeant (D:7)
  2 bullfrogs
  4 scorpions
  A howler monkey (D:4)
  A centaur zombie (D:7)
  2 hounds
  2 orc priests (D:7)
  A bullfrog skeleton (D:6)
  2 orc wizards
  A centaur skeleton (D:7)
  3 iguanas
  10 worker ants
  A worker ant zombie (D:7)
  3 gnolls (D:7)
  13 adders
  2 river rats (Sewer)
  A shadow imp (D:6)
  A white imp (D:6)
  3 oozes
  2 adder skeletons
  4 worms
  2 dart slugs
  6 leopard geckos
  22 orcs
  2 ball pythons
  13 bats
  9 giant cockroaches
  8 hobgoblins
  10 jackals
  8 kobolds
  4 quokkas
  6 frilled lizards
  2 goblins
  A jackal skeleton (D:5)
  A leopard gecko skeleton (D:4)
  A leopard gecko zombie (D:6)
  7 rats
175 creatures vanquished.

Notes
Turn   | Place    | Note
-------+----------+-------------------------------------------
     0 | D:1      | promet the Octopode Brigand began the quest for the Orb.
     0 | D:1      | Reached XP level 1. HP: 14/14 MP: 1/1
   312 | D:1      | Reached XP level 2. HP: 16/19 MP: 2/2
   314 | D:1      | Reached skill level 6 in Stealth
   651 | D:1      | Reached XP level 3. HP: 24/24 MP: 3/3
   895 | D:2      | Reached skill level 7 in Stealth
  1321 | D:2      | Reached XP level 4. HP: 29/29 MP: 4/4
  1552 | D:2      | Found a faded altar of an unknown god.
  1642 | D:2      | Found a white marble altar of Elyvilon.
  1644 | D:2      | Found a shimmering altar of Xom.
  1901 | D:2      | Found an ancient bone altar of Kikubaaqudgha.
  2529 | D:3      | Reached XP level 5. HP: 34/34 MP: 5/5
  3108 | D:3      | Reached skill level 8 in Stealth
  3825 | D:4      | Learned a level 1 spell: Corona
  3859 | D:4      | Reached XP level 6. HP: 41/41 MP: 6/6
  3909 | D:4      | Found a staircase to the Ecumenical Temple.
  3936 | Temple   | Entered the Ecumenical Temple
  3985 | Temple   | Became a worshipper of Dithmenos the Shadowed
  4163 | D:4      | Reached skill level 9 in Stealth
  4320 | D:4      | Reached XP level 7. HP: 45/45 MP: 7/7
  4539 | D:4      | Found a snail-covered altar of Cheibriados.
  4539 | D:4      | Found a sacrificial altar of Ru.
  4654 | D:4      | Noticed Sigmund
  5515 | D:5      | Entered Level 5 of the Dungeon
  5574 | D:5      | Found a shadowy altar of Dithmenos.
  5733 | D:5      | Reached skill level 10 in Stealth
  5911 | D:5      | Found Epty's General Store.
  5920 | D:5      | Bought a wand of iceblast (6) for 110 gold pieces
  6119 | D:5      | Noticed Blork the orc
  6141 | D:5      | Killed Blork the orc
  6142 | D:5      | Reached XP level 8. HP: 29/52 MP: 2/8
  6912 | D:6      | Reached * piety under Dithmenos
  6944 | D:6      | Reached skill level 1 in Polearms
  6997 | D:6      | Found a glowing drain.
  7010 | Sewer    | Entered a sewer
  7256 | Sewer    | Found a glowing silver altar of Zin.
  7549 | D:6      | Reached skill level 1 in Slings
  7549 | D:6      | Reached skill level 11 in Stealth
  7906 | D:6      | Noticed Eustachio
  7908 | D:6      | Reached XP level 9. HP: 58/58 MP: 9/9
  7943 | D:6      | Killed Eustachio
  8362 | D:6      | Reached skill level 12 in Stealth
  8892 | D:7      | Gained mutation: You are frail. (-10% HP) [potion of
                  | mutation]
  8892 | D:7      | Gained mutation: Your spells are a little harder to cast,
                  | but a little more powerful. [potion of mutation]
  8892 | D:7      | Gained mutation: You are strong-willed. (Will+) [potion of
                  | mutation]
  8899 | D:7      | Reached ** piety under Dithmenos
  9057 | D:7      | Reached skill level 5 in Short Blades
  9271 | D:7      | Found a hide-covered altar of Uskayaw.
  9646 | D:7      | Noticed a boulder beetle
  9654 | D:7      | Demolished by a boulder beetle

Illustrated notes

Levels and vault maps discovered:
D:1:      erik_arrival_cave_to_civilisation [erik_arrival_cave_to_hall],
          layout_rooms, st_stairs_1
D:2:      layout_loops_corners, marbit_many_paths,
          chequers_temple_overflow_statue_of_worship,
          chequers_ecumenical_altar_island
D:3:      layout_basic
D:4:      layout_loops_ring, gammafunk_temple_overflow_wave,
          minmay_temple_entry_nine_rooms, grunt_tough_drop, uniq_sigmund
D:5:      layout_loops_ring, serial_shops, nicolae_shop_crystal,
          minmay_strange_pillars, nicolae_dithmenos_the_darkroom,
          uniq_blork_the_orc
D:6:      layout_gridville, portal_sewer_entry_d, uniq_eustachio
D:7:      hangedman_cross_stitches, layout_basic, lemuel_altar_in_water
Temple:   eino_temple_rhombus

Skill      XL: |  1  2  3  4  5  6  7  8  9 |
---------------+----------------------------+-----
Stealth        | 6 7 8 9 10 11 12 | 12.6
Short Blades   | 3 4 5 |  5.1
Dodging        | 2 3 4 |  4.0
Fighting       | 3 4 |  4.5
Throwing       | 3 |  3.2
Polearms       | 3 4 |  4.1
Slings         | 1 |  1.3
Bows           | |  0.7
Spellcasting   | |  0.1

Action                   |  1- 3 |  4- 6 |  7- 9 || total
-------------------------+-------+-------+-------++-------
Melee: Dagger            |    58 |   162 |   100 ||   320
       Constrict         |    19 |    30 |    38 ||    87
       Tentacles         |    13 |    26 |    40 ||    79
       Scythe            |       |       |   112 ||   112
       Rapier            |       |       |    40 ||    40
 Fire: Hunting sling     |       |       |    11 ||    11
       Longbow           |       |       |    15 ||    15
Throw: Dart              |     6 |     9 |    11 ||    26
 Cast: Corona            |       |     1 |       ||     1
Evoke: Wand              |       |       |     1 ||     1
  Use: Potion            |     4 |     2 |     7 ||    13
       Scroll            |     3 |     2 |     6 ||    11
 Stab: Sleeping          |    13 |    21 |    24 ||    58
       Distracted        |     1 |       |       ||     1
Armor: Skin              |    10 |    20 |    62 ||    92
Dodge: Dodged            |    23 |    83 |   194 ||   300
